 Dungeon Crawl Stone Soup version 0.23.1 (webtiles) character file.

Game seed: 17105805384466160444

11914 poirepourri the Severer (level 11, -5/95 HPs)
             Began as a Minotaur Fighter on Mar 8, 2019.
             Was a High Priest of Okawaru.
             Slain by a nine-headed hydra (12 damage)
             ... on level 11 of the Dungeon.
             The game lasted 00:11:59 (10868 turns).

poirepourri the Severer (Minotaur Fighter)         Turns: 10868, Time: 00:12:00

Health: -5/95      AC:  9    Str: 22    XL:     11   Next: 55%
Magic:  10/10      EV:  7    Int:  5    God:    Okawaru [*****.]
Gold:   649        SH: 11    Dex: 15    Spells: 10/10 levels left

rFire    x . .     SeeInvis .   a - +4 war axe
rCold    + . .     Gourm    .   c - +1 shield
rNeg     . . .     Faith    .   b - +0 scale mail
rPois    .         Spirit   .   (helmet restricted)
rElec    .         Reflect  .   e - +1 cloak
rCorr    .         Harm     .   (no gloves)
MR       .....                  (no boots)
Stlth    ..........             v - amulet of regeneration
HPRegen  0.65/turn              o - +3 ring of dexterity
MPRegen  0.12/turn              x - ring of ice

@: no status effects
A: retaliatory headbutt, horns 2
a: Heroism, Finesse, Renounce Religion


You were on level 11 of the Dungeon.
You worshipped Okawaru.
Okawaru was extremely pleased with you.
You were not hungry.

You visited 2 branches of the dungeon, and saw 12 of its levels.
You also visited: Sewer.

You collected 649 gold pieces.

Inventory:

Hand Weapons
 a - a +4 war axe (weapon)
Missiles
 i - 76 bolts
 j - 16 tomahawks (quivered)
Armour
 b - a +0 scale mail (worn)
 c - a +1 shield (worn)
 e - a +1 cloak (worn)
Jewellery
 g - an uncursed ring of flight
 o - a +3 ring of dexterity (left hand)
 v - an amulet of regeneration (around neck)
 x - a ring of ice (right hand)
 A - an uncursed ring of fire
 C - an uncursed ring of magical power {unknown}
 E - an uncursed ring of positive energy {unknown}
 G - an uncursed ring of fire
Wands
 l - a wand of polymorph (16)
 m - a wand of disintegration (3)
 q - a wand of enslavement (20)
 y - a wand of paralysis (5)
 B - a wand of flame (24)
Scrolls
 h - 4 scrolls of teleportation
 k - 9 scrolls of remove curse
Potions
 d - 3 potions of curing
 n - a potion of lignification
 p - a potion of cancellation
 r - 2 potions of haste
 t - 4 potions of magic
 u - a potion of mutation
 w - a potion of berserk rage
 z - a potion of agility {unknown}
 D - 2 potions of invisibility {unknown}
Comestibles
 f - 11 rations


   Skills:
 + Level 8.5 Fighting
 - Level 19.0 Axes
 - Level 3.6 Armour
 - Level 3.6 Shields


You had 10 spell levels left.
You didn't know any spells.
Your spell library contained the following spells:

 Spells                   Type           Power        Failure   Level  Hunger
 Infusion                 Chrm           #...         99%         1    ##.....
 Shroud of Golubria       Chrm/Tloc      #.........   100%        2    ###....
 Song of Slaying          Chrm           #.......     100%        2    ###....
 Regeneration             Chrm/Necr      #.........   100%        3    ####...
 Spectral Weapon          Hex/Chrm       #.......     100%        3    ####...


Dungeon Overview and Level Annotations

Branches:
Dungeon (11/15)            Temple (1/1) D:5             Orc (0/2) D:9
   Lair: D:8-11

Altars:
Ashenzari
Cheibriados
Dithmenos
Elyvilon
Fedhas
Gozag
Hepliaklqana
Kikubaaqudgha
Makhleb
Nemelex Xobeh
Okawaru
Qazlal
Ru
Sif Muna
Trog
Uskayaw
Vehumet
Wu Jian
Xom
Yredelemnul
Zin
The Shining One

Shops:
D:10 =

Annotations:
D:9 exclusion: oklob sapling
D:11 1 transporter


Innate Abilities, Weirdness & Mutations

You reflexively headbutt those who attack you in melee.
You have a pair of horns on your head.


Message History

* * * LOW HITPOINT WARNING * * *
The eight-headed hydra bites you but does no damage.
The eight-headed hydra bites you!
* * * LOW HITPOINT WARNING * * *
The eight-headed hydra bites you.
* * * LOW HITPOINT WARNING * * *
Okay, then.
Okay, then.
The eight-headed hydra is no longer covered in acid.
You hit the plant but do no damage. You hit the fungus.
You slice one of the eight-headed hydra's heads off!
The seven-headed hydra grows two more!
You slash the nine-headed hydra! You slash the fungus!
You block the nine-headed hydra's attack. x4
The nine-headed hydra bites you but does no damage.
The nine-headed hydra bites you!
* * * LOW HITPOINT WARNING * * *
The nine-headed hydra barely misses you. x2
The nine-headed hydra bites you!
You die...

##### .... #...#..... ###
######### #.....# ##
##.###.##...^######.....# #.#
#...##..........##......#
...###.........P...P............
....##.........PP.P....P.........
.(..#.....##.P.P.D...P...........
#.......#...P.@PWP.PP..........
##......##.PP.P####.P.PP........
.#..........P...+ #..P.........
........<.†.†P..# #P..........
..#..#####....P.####P.P.......
..#...#.......PP.PPP..P....##
..............P.P...P..P..#
..#..).........P.P..
..#)..............P.


You could see a nine-headed hydra and a hungry ghost.

Vanquished Creatures
  2 two-headed ogres
  The ghost of Terandir the Archer, a novice CeHu of Ashenzari (D:6)
  A troll (D:7)
  3 hornets
  A hippogriff (D:10)
  A spriggan (D:8)
  Sigmund (D:2)
  Eustachio (D:6)
  2 wraiths (D:7)
  Grum (D:10)
  A steam dragon (D:10)
  11 yaks
  A porcupine (D:11)
  2 water moccasins (D:9)
  A hornet zombie (D:9)
  3 ice beasts
  3 sky beasts
  8 orc warriors (D:9)
  5 ogres
  3 wolves (D:10)
  4 phantoms
  4 centaurs
  A crocodile (D:11)
  3 big kobolds (Sewer)
  A gnoll sergeant (D:8)
  5 bullfrogs
  A wyvern zombie (D:9)
  3 scorpions
  A water moccasin skeleton (D:5)
  A wight (D:7)
  12 killer bees (D:8)
  2 electric eels (D:9)
  3 howler monkeys
  3 centaur zombies
  4 crimson imps
  A quasit (D:8)
  5 human zombies (D:7)
  A bullfrog skeleton (D:7)
  2 centaur skeletons
  5 hounds
  6 orc priests
  2 jellies (D:8)
  9 orc wizards
  2 human skeletons (D:7)
  3 iguanas
  Natasha (twice) (D:2)
  3 worker ants
  4 killer bee zombies
  A bullfrog simulacrum (D:6)
  A hound zombie (D:7)
  A mummy (D:7)
  A hound skeleton (D:10)
  A howler monkey zombie (D:10)
  Robin (D:2)
  A howler monkey skeleton (D:9)
  A worker ant zombie (D:5)
  8 gnolls
  3 river rats
  21 adders
  A shadow imp (D:5)
  2 white imps (D:6)
  2 oozes (Sewer)
  An adder zombie (D:6)
  An adder skeleton (D:4)
  4 worms
  3 dart slugs
  An adder simulacrum (D:6)
  3 leopard geckos
  41 orcs
  11 giant cockroaches
  12 goblins
  7 hobgoblins
  14 jackals
  11 kobolds
  2 quokkas (D:9)
  10 ball pythons
  5 bats
  7 frilled lizards
  A jackal skeleton (D:5)
  A jackal zombie (D:7)
  A leopard gecko skeleton (D:5)
  A leopard gecko zombie (D:5)
  An orc zombie (D:7)
  A quokka zombie (D:5)
  14 rats
343 creatures vanquished.

Vanquished Creatures (others)
  A bush (D:9)
  5 plants (D:9)
6 creatures vanquished.

Grand Total: 349 creatures vanquished

Notes
Turn   | Place    | Note
-------+----------+-------------------------------------------
     0 | D:1      | poirepourri the Minotaur Fighter began the quest for the
                  | Orb.
     0 | D:1      | Reached XP level 1. HP: 19/19 MP: 0/0
   147 | D:1      | Reached skill level 3 in Axes
   154 | D:1      | Reached XP level 2. HP: 26/26 MP: 1/1
   390 | D:1      | Reached skill level 4 in Axes
   730 | D:1      | Reached XP level 3. HP: 28/31 MP: 2/2
  1064 | D:2      | Reached skill level 5 in Axes
  1104 | D:2      | Noticed Sigmund
  1126 | D:2      | Killed Sigmund
  1126 | D:2      | Reached skill level 7 in Axes
  1126 | D:2      | Reached XP level 4. HP: 6/39 MP: 3/3
  1126 | D:2      | Reached XP level 5. HP: 7/45 MP: 4/4
  1528 | D:2      | Noticed Robin
  1539 | D:2      | Killed Robin
  1672 | D:2      | Noticed Natasha
  1677 | D:2      | Killed Natasha
  2005 | D:2      | Noticed Natasha
  2009 | D:2      | Killed Natasha
  2009 | D:2      | Reached XP level 6. HP: 50/51 MP: 5/5
  2218 | D:3      | Reached skill level 8 in Axes
  2700 | D:4      | Found a glowing drain.
  2718 | Sewer    | Entered a sewer
  2791 | Sewer    | Reached skill level 9 in Axes
  2857 | Sewer    | Reached XP level 7. HP: 56/57 MP: 6/6
  2995 | D:4      | Reached skill level 10 in Axes
  3570 | D:5      | Entered Level 5 of the Dungeon
  3649 | D:5      | Reached skill level 11 in Axes
  3692 | D:5      | Reached XP level 8. HP: 50/64 MP: 7/7
  3965 | D:5      | Reached skill level 12 in Axes
  4130 | D:5      | Found a staircase to the Ecumenical Temple.
  4431 | Temple   | Entered the Ecumenical Temple
  4607 | D:6      | Noticed Eustachio
  4637 | D:6      | Killed Eustachio
  4637 | D:6      | Reached skill level 13 in Axes
  4968 | D:6      | Reached XP level 9. HP: 70/70 MP: 8/8
  5010 | D:6      | Found a basalt altar of Yredelemnul.
  5013 | D:6      | Found a radiant altar of Vehumet.
  5027 | D:6      | Found a bloodstained altar of Trog.
  5030 | D:6      | Found an iron altar of Okawaru.
  5098 | D:6      | Found a runed translucent gate.
  5098 | D:6      | Found a runed translucent gate.
  5098 | D:6      | Found a runed translucent gate.
  5123 | D:6      | Became a worshipper of Warmaster Okawaru
  5181 | D:6      | Noticed Terandir's ghost (novice CeHu)
  5281 | D:6      | Killed Terandir's ghost
  5281 | D:6      | Reached skill level 14 in Axes
  5631 | D:7      | Reached * piety under Okawaru
  5830 | D:7      | Found a hazy altar of Hepliaklqana.
  5927 | D:7      | Reached skill level 15 in Axes
  6075 | D:7      | Noticed a troll
  6084 | D:7      | Killed a troll
  6181 | D:7      | Found an ancient bone altar of Kikubaaqudgha.
  6200 | D:7      | Reached ** piety under Okawaru
  6578 | D:7      | Noticed a moth of wrath
  6585 | D:7      | Found a bloodstained altar of Trog.
  6589 | D:7      | Reached skill level 16 in Axes
  7075 | D:8      | Reached XP level 10. HP: 70/77 MP: 9/9
  7275 | D:8      | Noticed a two-headed ogre
  7280 | D:8      | Killed a two-headed ogre
  7280 | D:8      | Reached *** piety under Okawaru
  7333 | D:8      | Reached skill level 17 in Axes
  7740 | D:9      | Noticed a two-headed ogre
  7753 | D:9      | Killed a two-headed ogre
  7753 | D:9      | Reached **** piety under Okawaru
  7771 | D:9      | Reached skill level 18 in Axes
  8122 | D:9      | Found a blossoming altar of Fedhas.
  8304 | D:9      | Found a staircase to the Orcish Mines.
  8523 | D:9      | Reached XP level 11. HP: 66/82 MP: 10/10
  8543 | D:9      | Reached ***** piety under Okawaru
  9031 | D:9      | Reached skill level 19 in Axes
  9591 | D:9      | Paralysed by a hornet for 3 turns
  9925 | D:9      | Reached skill level 5 in Fighting
  9972 | D:10     | Entered Level 10 of the Dungeon
  9995 | D:10     | Found Lepeg's Jewellery Shoppe.
 10316 | D:10     | Noticed Grum
 10332 | D:10     | Killed Grum
 10781 | D:11     | Found a transporter.
 10850 | D:11     | Noticed an eight-headed hydra
 10868 | D:11     | Slain by a nine-headed hydra

Skill      XL: |  1  2  3  4  5  6  7  8  9 10 11 |
---------------+----------------------------------+-----
Axes           | 3 4 7 9 11 13 16 18 19 | 19.0
Fighting       | 8 |  8.5
Armour         | |  3.6
Shields        | |  3.6

Action                   |  1- 3 |  4- 6 |  7- 9 | 10-12 || total
-------------------------+-------+-------+-------+-------++-------
Melee: War axe           |    92 |   155 |   407 |   358 ||  1012
       Headbutt          |     9 |    25 |    90 |    73 ||   197
Throw: Tomahawk          |       |       |       |     9 ||     9
Evoke: Wand              |       |       |     3 |    14 ||    17
  Use: Scroll            |     4 |     4 |    14 |     4 ||    26
       Potion            |     1 |       |       |    14 ||    15
  Eat: Ration            |     1 |     1 |     4 |     3 ||     9
       Chunk             |       |       |     3 |       ||     3
Armor: Scale mail        |    41 |    63 |   129 |   112 ||   345
Dodge: Dodged            |    26 |    32 |    61 |    90 ||   209
Block: Shield            |    43 |    71 |   147 |   179 ||   440
